 Dungeon Crawl Stone Soup version 0.30-a0-272-gf98c3da03f (webtiles) character file.

Game seed: 9820011126422468897

191 Monkooky the Ruffian (level 5, 0/35 (41) HPs)
             Began as a Demonspawn Gladiator on Oct 15, 2022.
             Slain by a wight
             ... wielding a +0 halberd
              (1 damage)
             ... on level 6 of the Dungeon.
             The game lasted 00:05:11 (2179 turns).

Monkooky the Ruffian (Demonspawn Gladiator)         Turns: 2179, Time: 00:05:12

HP:   0/35 (41)     AC: 11    Str: 16    XL:     5   Next: 42%
MP:   5/5           EV: 15    Int:  9    God:
Gold: 260           SH:  4    Dex: 17    Spells: 4/4 levels left

rFire   . . .      SeeInvis .    s - +3 quarterstaff (chaos)
rCold   . . .      Faith    .    (shield currently unavailable)
rNeg    . . .      Spirit   .    l - +0 ring mail
rPois   .          Reflect  .    c - +0 helmet
rElec   .          Harm     .    t - +0 cloak
rCorr   .          Rampage  .    (no gloves)
Will    .....                    (no boots)
Stlth   ++........               (no amulet)
HPRegen 0.25/turn                k - +4 ring of protection
MPRegen 0.09/turn                i - +4 ring of evasion

@: weak-willed, heavily drained
A: claws 1, thin skeletal structure 1, condensation shield
a: no special abilities


You were on level 6 of the Dungeon.
You visited 1 branch of the dungeon, and saw 6 of its levels.

You collected 260 gold pieces.

Inventory:

Hand Weapons
 a - a +0 quarterstaff
 s - a +3 quarterstaff of chaos (weapon)
Missiles
 d - a throwing net (quivered)
 e - a javelin
 h - 18 poisoned darts
Armour
 b - a +0 leather armour
 c - a +0 helmet (worn)
 l - a +0 ring mail (worn)
 t - a +0 cloak (worn)
Jewellery
 i - a +4 ring of evasion (right claw)
 k - a +4 ring of protection (left claw)
 n - a ring of magical power
 q - an amulet of regeneration
 w - a ring of willpower
Wands
 o - a wand of flame (1)
 y - a wand of paralysis (10)
Scrolls
 g - 2 scrolls of identify
 u - a scroll of brand weapon
Potions
 f - a potion of invisibility {unknown}
 j - a potion of haste {unknown}
 m - a potion of curing
 r - 2 potions of mutation {unknown}
 v - a potion of degeneration {unknown}


   Skills:
 - Level 3.3 Fighting
 - Level 2.6 Staves
 - Level 1.7 Throwing
 + Level 1.3 Armour
 - Level 2.6 Dodging
 - Level 3.6 Unarmed Combat


You had 4 spell levels left.
You didn't know any spells.
Your spell library contained the following spells:

 Spells                   Type           Power      Damage    Failure   Level
 Ensorcelled Hibernation  Hex/Ice        0%         N/A       75%         2
 Ignite Poison            Fire/Tmut/Pois 0%         N/A       93%         3
 Spider Form              Tmut/Pois      0%         N/A       93%         3
 Anguish                  Hex/Necr       0%         N/A       100%        4
 Sticky Flame             Conj/Fire      0%         2d3       100%        4
 Ignition                 Fire           0%         3d3       100%        8


Dungeon Overview and Level Annotations

Branches:
Dungeon (7/15)
 Temple: D:4-7

Altars:
Dithmenos
Gozag

Shops:
D:3 [

Annotations:
D:6 Edmund


Innate Abilities, Weirdness & Mutations

You have sharp fingernails.
You have a somewhat thin skeletal structure. (Dex +2, Stealth+)
A meltable shield of frost defends you. (SH +4)


Message History

The orc hits you with a +0 morningstar! The wight hits you with a +3 dagger.
The wight barely misses you.
Unknown command.
The helpless water moccasin fails to defend itself.
You sock the water moccasin! You freeze the water moccasin.
The water moccasin is moderately wounded.
The orc misses you.
The orc priest mumbles some strange prayers to Beogh against you.
Beogh smites you!
* * * LOW HITPOINT WARNING * * *
The wight completely misses you. The wight barely misses you.
You feel much better. The orc misses you.
The orc priest looks satisfied for a moment.
You block the wight's attack. The wight barely misses you.
Unknown command.
The helpless water moccasin fails to defend itself.
You hit the water moccasin.
Nothing appears to happen.
The water moccasin is heavily wounded.
The orc closely misses you. The wight hits you but does no damage.
The wight hits you from afar with a +0 halberd!
You feel drained.
Unknown command.
The helpless water moccasin fails to defend itself.
You hit the water moccasin.
The water moccasin is heavily wounded.
The orc closely misses you. The wight hits you with a +3 dagger.
You feel drained. The wight completely misses you.
Unknown command.
The helpless water moccasin fails to defend itself.
You sock the water moccasin! You burn the water moccasin.
The water moccasin is severely wounded.
The orc misses you. You block the wight's attack.
The wight hits you with a +3 dagger.
* * * LOW HITPOINT WARNING * * *
You feel drained.
* * * LOW HITPOINT WARNING * * *
The wight hits you from afar with a +0 halberd.
* * * LOW HITPOINT WARNING * * *
You feel drained.
You die...

....... #.#
....# #.####
...###....#
#
#......#.#.#
#>.......F.
##...oo#.#o#
#.zzoo...)#
#.zSo##.###
#..z@# #
######


You could see an orc warrior (weak-willed), a water moccasin (paralysed,
weak-willed), 4 wights, an orc priest and 3 orcs.

Vanquished Creatures
  Crazy Yiuf (D:2)
  Natasha (thrice) (D:2)
  3 adders
  A dart slug (D:2)
  4 worms
  5 orcs
  4 endoplasms
  2 giant cockroaches (D:1)
  4 goblins
  3 hobgoblins
  A jackal (D:1)
  A quokka (D:1)
  2 ball pythons
  5 bats
  3 frilled lizards
  6 kobolds
  5 rats
53 creatures vanquished.

Notes
Turn   | Place    | Note
-------+----------+-------------------------------------------
     0 | D:1      | Monkooky the Demonspawn Gladiator began the quest for the
                  | Orb.
     0 | D:1      | Reached XP level 1. HP: 16/16 MP: 1/1
   112 | D:1      | Gained mutation: You have sharp fingernails. [demonic
                  | ancestry]
   112 | D:1      | Reached XP level 2. HP: 23/23 MP: 2/2
   327 | D:1      | Reached skill level 1 in Unarmed Combat
   422 | D:2      | Noticed Natasha
   431 | D:2      | Killed Natasha
   432 | D:2      | Gained mutation: A meltable shield of frost defends you.
                  | (SH +4) [demonic ancestry]
   432 | D:2      | Reached XP level 3. HP: 24/28 MP: 3/3
   450 | D:2      | Noticed Natasha
   460 | D:2      | Killed Natasha
   461 | D:2      | Gained mutation: You have a somewhat thin skeletal
                  | structure. (Dex +2, Stealth+) [demonic ancestry]
   461 | D:2      | Reached XP level 4. HP: 29/34 MP: 4/4
   733 | D:2      | Noticed Natasha
   749 | D:2      | Killed Natasha
   873 | D:2      | Found a runed translucent door.
   874 | D:2      | Noticed Crazy Yiuf
  1350 | D:2      | Killed Crazy Yiuf
  1351 | D:2      | Reached XP level 5. HP: 21/41 MP: 5/5
  1575 | D:3      | Found a shadowy altar of Dithmenos.
  1575 | D:3      | Found an opulent altar of Gozag.
  1622 | D:3      | Found Icvux's Antique Armour Shop.
  1736 | D:3      | Reached skill level 1 in Armour
  2149 | D:4      | You fall into a shaft and drop 3 floors!
  2154 | D:6      | Noticed Edmund
  2157 | D:6      | Noticed a water moccasin
  2160 | D:6      | Noticed an orc warrior
  2179 | D:6      | HP: 1/36 [wight/+0 halberd (6)]
  2179 | D:6      | Slain by a wight

Illustrated notes

Levels and vault maps discovered:
D:1:      elethiomel_arrival_quiet, layout_rooms, minmay_tromino_v4_a
D:2:      layout_loops_ring, uniq_crazy_yiuf_cottage, uniq_natasha
D:3:      layout_loops_cross, nicolae_overflow_two_pavilions, serial_shops, shop
D:4:      layout_basic, gammafunk_ghost_smash, uniq_blork_the_orc
D:6:      layout_basic, portal_sewer_entry_f, uniq_sigmund, uniq_edmund
D:7:      layout_rooms, minmay_temple_entry_glass, hangedman_minor_gate_pass,
          uniq_menkaure

Skill      XL: |  1  2  3  4  5 |
---------------+----------------+-----
Unarmed Combat | 2 3 |  3.6
Fighting       | 3 |  3.3
Armour         | 1 |  1.3
Staves         | |  2.6
Throwing       | |  1.7
Dodging        | |  2.6

Action                   |  1- 3 |  4- 6 || total
-------------------------+-------+-------++-------
Melee: Quarterstaff      |    52 |    97 ||   149
Throw: Throwing net      |       |     3 ||     3
Evoke: Wand              |       |     4 ||     4
  Use: Potion            |       |     3 ||     3
       Scroll            |       |     2 ||     2
 Stab: Sleeping          |       |     6 ||     6
       Held in net/web   |       |     1 ||     1
       Paralysed         |       |     4 ||     4
Armor: Leather armour    |     9 |       ||     9
       Ring mail         |     6 |    29 ||    35
Dodge: Dodged            |    32 |    84 ||   116
Block: Other             |     1 |    15 ||    16

Table legend: (Time is in decaauts)
 A = Elapsed time spent in this place.
 B = Non-inter-level travel time spent in this place.
 C = Inter-level travel time spent in this place.
 D = Time resting spent in this place.
 E = Time spent auto-exploring this place.
 F = Levels seen in this place.
 G = Mean time per level.
                   A        B        C        D        E       F      G
               +--------+--------+--------+--------+--------+-----+--------+
         Total |   2209 |   2106 |    103 |    115 |   1523 |   6 |  368.2 |
       Dungeon |   2209 |   2106 |    103 |    115 |   1523 |   6 |  368.2 |
               +--------+--------+--------+--------+--------+-----+--------+

Top non-repeatable levels by time:
     D:2: 1111 daAuts
     D:3: 604 daAuts
     D:1: 424 daAuts
     D:4: 38 daAuts
     D:6: 25 daAuts
     D:7: 4 daAuts
